 Dungeon Crawl Stone Soup version 0.19.1 (webtiles) character file.

4477 Ice the Basher (level 10, -1/81 HPs)
             Began as a Minotaur Berserker on Dec 6, 2016.
             Was a High Priest of Trog.
             Slain by an ice beast (3 damage)
             ... on level 9 of the Dungeon.
             The game lasted 00:36:25 (7132 turns).

Ice the Basher (Minotaur Berserker)                 Turns: 7132, Time: 00:36:26

Health: -1/81      AC: 14    Str: 22    XL:     10   Next: 15%
Magic:  9/9        EV: 15    Int:  4    God:    Trog [*****.]
Gold:   362        SH:  0    Dex: 18    Spells: 0 memorised, 9 levels left

rFire  . . .     SeeInvis .     E - +1 mace (freeze) (curse)
rCold  + . .     Gourm    .     N - +0 plate armour {rC+}
rNeg   . . .     Faith    .     (no shield)
rPois  .         Spirit   .     (helmet restricted)
rElec  .         Reflect  .     U - +1 cloak
rCorr  .         Harm     .     (no gloves)
MR     .....                    (no boots)
Stlth  ..........               F - amulet of rage
                                (no ring)
                                (no ring)

@: agile
A: retaliatory headbutt, horns 2
a: Berserk, Trog's Hand, Brothers in Arms, Burn Spellbooks, Renounce Religion,
Evoke Berserk Rage


You were on level 9 of the Dungeon.
You worshipped Trog.
Trog was extremely pleased with you.
You were near starving.

You visited 3 branches of the dungeon, and saw 11 of its levels.
You also visited: Ossuary.

You collected 362 gold pieces.

Inventory:

Hand Weapons
 d - a +0 hunting sling
 r - a +0 dagger of protection
 A - a +5 flail of crushing
 E - a cursed +1 mace of freezing (weapon)
 S - a +0 shortbow
Missiles
 a - a javelin
 f - 16 sling bullets
 i - 3 tomahawks of dispersal
 j - 151 stones (quivered)
 l - 24 poisoned needles
 y - 83 bolts
 R - 102 arrows
Armour
 N - a +0 plate armour of cold resistance (worn)
 U - a +1 cloak (worn)
Rods
 O - a -2 rod of inaccuracy (12/12)
   (You found it on level 6 of the Dungeon)
Jewellery
 F - an amulet of rage (around neck)
 X - an uncursed ring of fire {unknown}
Wands
 m - a wand of paralysis (7/24)
 D - a wand of lightning (5/15)
 K - a wand of disintegration (4/24)
 L - a wand of paralysis (12/24)
 Z - a wand of paralysis (13/24)
Scrolls
 e - a scroll of vulnerability {unknown}
 k - 2 scrolls of amnesia {unknown}
 s - a scroll of immolation
 t - a scroll of recharging {unknown}
 u - 2 scrolls of enchant weapon {unknown}
 v - a scroll of random uselessness {unknown}
 z - 3 scrolls of teleportation
 C - 2 scrolls of fog {unknown}
 J - 2 scrolls of noise {unknown}
 P - a scroll of blinking {unknown}
 W - a scroll of magic mapping {unknown}
Potions
 b - a potion of beneficial mutation {unknown}
 g - 2 potions of cure mutation
 h - a potion of brilliance {unknown}
 n - 2 potions of berserk rage {unknown}
 q - 3 potions of heal wounds {unknown}
 w - 4 potions of agility
 x - 3 potions of curing {unknown}
 G - a potion of cancellation {unknown}
 H - 6 potions of might {unknown}
 Q - a potion of lignification {unknown}
 T - a potion of invisibility {unknown}
 V - a potion of flight {unknown}
Books
 Y - a book of Minor Magic

   Spells                             Type                      Level
   a - Magic Dart                     Conjuration                  1
   b - Blink                          Translocation                2
   c - Call Imp                       Summoning                    2
   d - Repel Missiles                 Charms/Air                   2
   e - Slow                           Hexes                        2
   f - Conjure Flame                  Conjuration/Fire             3
   g - Mephitic Cloud                 Conjuration/Poison/Air       3
   Trog disapproves of the use of such an item.
Comestibles
 c - 5 bread rations
 o - 3 fruits
 B - 3 slices of pizza
 I - a meat ration
 M - 12 chunks of flesh


   Skills:
 - Level 5.0 Fighting
   Level 3.6(9.3) Axes
 + Level 13.0(13.1) Maces & Flails
 - Level 5.6 Throwing
 - Level 5.8 Armour
 - Level 6.4 Dodging


You had 9 spell levels left.
You didn't know any spells.

Dungeon Overview and Level Annotations

Branches:
Dungeon (10/15)            Temple (1/1) D:6             Orc (1/2) D:9
   Lair: D:8-11

Altars:
Ashenzari
Cheibriados
Dithmenos
Elyvilon
Fedhas
Gozag
Hepliaklqana
Kikubaaqudgha
Makhleb
Nemelex Xobeh
Okawaru
Qazlal
Trog
Uskayaw
Vehumet
Xom
Yredelemnul
Zin
Beogh


Innate Abilities, Weirdness & Mutations

You reflexively headbutt those who attack you in melee.
You have a pair of horns on your head.


Message History

There is a staircase to the Orcish Mines here.
You climb downwards.
Welcome to the Orcish Mines! 3 orcs, an orc warrior, an orc priest and an orc wizard come into view.
The orc warrior shouts!
The orc priest shouts!
The orc shouts!
Found 60 gold pieces.
Found a roughly hewn altar of Beogh.
There is a staircase back to the Dungeon here.
The orc wizard points at you and mumbles some strange words.
The magic dart hits you!
* * * LOW HITPOINT WARNING * * *
You climb upwards.
Welcome back to the Dungeon!
The ice beast barely misses you. You furiously retaliate!
You headbutt the ice beast.
There is a staircase to the Orcish Mines here.
You are too injured to fight recklessly!
You are too injured to fight recklessly!
You feel agile all of a sudden. The ice beast hits you.
* * * LOW HITPOINT WARNING * * *
The ice beast freezes you. You resist.
You die...

###...... ##$.......
# .#........
##.##.........
#..#..........
#.............
#......Y......
#.....@........
#...............
#................
#.................
#....................
#....................
#).†...............≈≈
#>÷...............≈≈≈
#.................≈≈≈


You could see an ice beast.

Vanquished Creatures
  The ghost of taxman66 the Spear-Bearer, a novice MfSk of Cheibriados (D:7)
  Pikel (D:6)
  Grinder (D:3)
  2 wraiths (Ossuary)
  The ghost of smilodon the Skirmisher, an amateur DsBe of Trog (D:4)
  Menkaure (D:6)
  Edmund (D:4)
  3 orc warriors
  2 slaves (D:6)
  3 ice beasts
  2 ogres
  A necrophage (D:9)
  A centaur (D:6)
  2 big kobolds
  A gnoll sergeant (D:6)
  8 wights
  2 howler monkeys (D:5)
  A bullfrog zombie (D:7)
  4 crimson imps
  2 jellies
  A quasit (D:6)
  A bullfrog skeleton (D:7)
  4 orc priests
  3 hounds
  5 orc wizards
  An iguana (D:3)
  3 worker ants
  A hound skeleton (D:5)
  7 gnolls
  12 adders
  A shadow imp (D:6)
  An ooze (D:2)
  3 adder zombies (Ossuary)
  3 adder skeletons
  A worm (D:2)
  2 dart slugs (D:2)
  3 leopard geckos
  37 orcs
  2 ball pythons
  6 giant cockroaches
  7 goblins
  4 hobgoblins
  20 jackals
  4 quokkas
  A ball python skeleton (Ossuary)
  6 bats
  4 frilled lizards
  2 hobgoblin skeletons (Ossuary)
  3 hobgoblin zombies (Ossuary)
  A jackal zombie (D:7)
  15 kobolds
  A quokka skeleton (D:4)
  10 rats
215 creatures vanquished.

Notes
Turn   | Place    | Note
-------+----------+-------------------------------------------
     0 | D:1      | Ice the Minotaur Berserker began the quest for the Orb.
     0 | D:1      | Reached XP level 1. HP: 19/19 MP: 0/0
   171 | D:1      | Reached XP level 2. HP: 24/27 MP: 1/1
   730 | D:2      | Reached skill level 5 in Fighting
   807 | D:2      | Found a faded altar of an unknown god.
   829 | D:2      | Reached XP level 3. HP: 28/36 MP: 2/2
  1007 | D:2      | Reached ** piety under Trog
  1012 | D:2      | Reached XP level 4. HP: 33/42 MP: 3/3
  1241 | D:2      | Found a shattered altar of Ashenzari.
  1494 | D:3      | Noticed Grinder
  1494 | D:3      | Paralysed by Grinder for 5 turns
  1500 | D:3      | Paralysed by Grinder for 2 turns
  1507 | D:3      | Paralysed by Grinder for 5 turns
  1514 | D:3      | Killed Grinder
  1514 | D:3      | Reached XP level 5. HP: 41/48 MP: 4/4
  1514 | D:3      | Reached XP level 6. HP: 48/56 MP: 5/5
  1545 | D:3      | Found a hide-covered altar of Uskayaw.
  1977 | D:3      | Reached *** piety under Trog
  2211 | D:4      | Noticed smilodon's ghost (amateur DsBe)
  2247 | D:4      | Found a sparkling altar of Nemelex Xobeh.
  2321 | D:4      | Found Datwaph's Antique Weapon Emporium.
  2360 | D:4      | Noticed Edmund
  2376 | D:4      | Killed Edmund
  2376 | D:4      | Reached skill level 5 in Armour
  2376 | D:4      | Reached XP level 7. HP: 25/61 MP: 6/6
  2452 | D:4      | Killed smilodon's ghost
  2477 | D:4      | Found an opulent altar of Gozag.
  2657 | D:4      | Found a blossoming altar of Fedhas.
  2657 | D:4      | Found a white marble altar of Elyvilon.
  3019 | D:5      | Entered Level 5 of the Dungeon
  3162 | D:5      | Found an iron altar of Okawaru.
  3261 | D:5      | Found a sand-covered staircase.
  3275 | Ossuary  | Entered an ossuary
  3365 | Ossuary  | Noticed a wraith
  3365 | Ossuary  | Noticed a flying skull
  3371 | Ossuary  | Noticed a flying skull
  3374 | Ossuary  | Noticed a flying skull
  3375 | Ossuary  | Noticed a flying skull
  3376 | Ossuary  | Noticed a flying skull
  3422 | Ossuary  | Noticed a wraith
  3433 | Ossuary  | Killed a wraith
  3433 | Ossuary  | Reached skill level 5 in Throwing
  3433 | Ossuary  | Reached XP level 8. HP: 48/68 MP: 7/7
  3452 | Ossuary  | Reached skill level 1 in Maces & Flails
  3473 | Ossuary  | Reached skill level 3 in Maces & Flails
  3796 | D:5      | Reached **** piety under Trog
  3796 | D:5      | Reached skill level 4 in Maces & Flails
  3908 | D:5      | Reached skill level 5 in Maces & Flails
  4505 | D:6      | Noticed Pikel
  4578 | D:6      | Reached skill level 6 in Maces & Flails
  4802 | D:6      | Reached skill level 7 in Maces & Flails
  5130 | D:6      | Received a gift from Trog
  5510 | D:5      | Reached XP level 9. HP: 34/74 MP: 8/8
  5541 | D:6      | Killed Pikel
  5541 | D:6      | Reached skill level 9 in Maces & Flails
  5790 | D:6      | Noticed Menkaure
  5800 | D:6      | Killed Menkaure
  5812 | D:6      | Reached skill level 10 in Maces & Flails
  5877 | D:6      | Found a staircase to the Ecumenical Temple.
  5886 | Temple   | Entered the Ecumenical Temple
  6149 | D:7      | Noticed taxman66's ghost (novice MfSk)
  6174 | D:7      | Killed taxman66's ghost
  6174 | D:7      | Reached skill level 12 in Maces & Flails
  6194 | D:7      | Identified a -2 rod of inaccuracy (12/12) (You found it on level 6 of the Dungeon)
  6289 | D:7      | Reached ***** piety under Trog
  6475 | D:7      | Reached XP level 10. HP: 72/81 MP: 9/9
  6928 | D:7      | You fall through a shaft for 3 floors!
  6928 | D:10     | Entered Level 10 of the Dungeon
  7028 | D:9      | Found a staircase to the Orcish Mines.
  7044 | D:9      | Reached skill level 13 in Maces & Flails
  7129 | Orc:1    | Entered Level 1 of the Orcish Mines
  7129 | Orc:1    | Found a roughly hewn altar of Beogh.
  7132 | D:9      | HP: 2/81 [ice beast (4)]
  7132 | D:9      | Slain by an ice beast

Skill      XL: |  1  2  3  4  5  6  7  8  9 10 |
---------------+-------------------------------+-----
Fighting       | 4 5 |  5.0
Dodging        | 3 6 |  6.4
Armour         | 5 |  5.8
Throwing       | 5 |  5.6
Maces & Flails | 7 12 13 | 13.0
Axes           | |  3.6

Action                   |  1- 3 |  4- 6 |  7- 9 | 10-12 || total
-------------------------+-------+-------+-------+-------++-------
Melee: Hand axe          |    78 |   110 |       |       ||   188
       Headbutt          |     9 |    17 |    45 |     8 ||    79
       Flail             |       |       |   193 |       ||   193
       Mace              |       |       |    47 |    45 ||    92
 Fire: Hunting sling     |       |       |    41 |       ||    41
       Shortbow          |       |       |    42 |       ||    42
Throw: Stone             |    11 |    34 |    87 |    22 ||   154
       Javelin           |    14 |    48 |       |       ||    62
Invok: Berserk           |       |     1 |     4 |     1 ||     6
       Burn Spellbooks   |       |       |     1 |       ||     1
  Use: Scroll            |     2 |     2 |    11 |     1 ||    16
       Potion            |       |       |       |     1 ||     1
 Stab: Distracted        |       |       |     1 |       ||     1
  Eat: Chunk             |       |     5 |    14 |     1 ||    20
       Royal jelly       |       |       |     1 |       ||     1
       Beef jerky        |       |       |     1 |       ||     1
Armor: Ring mail         |    33 |       |       |       ||    33
       Plate armour      |    33 |    67 |   126 |    32 ||   258
Dodge: Dodged            |    40 |    43 |    90 |    20 ||   193
